 Dungeon Crawl Stone Soup version 0.29.1-15-g9cfb28693d (webtiles) character file.

Game seed: 15972919506640639735

14 javelincjr the Magician (level 2, 0/21 HPs)
             Began as a Djinni Conjurer on Apr 26, 2023.
             Slain by a quokka (4 damage)
             ... on level 1 of the Dungeon.
             The game lasted 00:01:18 (533 turns).

javelincjr the Magician (Djinni Conjurer)            Turns: 533, Time: 00:01:18

Health: 0/21       AC:  2    Str:  6    XL:     2   Next: 55%
Gold:   29         EV: 12    Int: 19    God:
                   SH:  0    Dex: 11

rFire   + + .      SeeInvis .   f - +0 dagger
rCold   x . .      Faith    .   (no shield)
rNeg    . . .      Spirit   .   a - +0 robe
rPois   ∞          Reflect  .   (no helmet)
rElec   .          Harm     .   (no cloak)
rCorr   .          Rampage  .   (no gloves)
Will    .....                   (boots unavailable)
Stlth   ++........              (no amulet)
HPRegen 0.07/turn               (no ring)
MPRegen 0.00/turn               (no ring)

@: flying
A: sickness immunity, fire resistance 2, cold vulnerability 1, float, innate
caster, HP casting, extra vitality 1
a: no special abilities


You were on level 1 of the Dungeon.
You visited 1 branch of the dungeon, and saw 2 of its levels.

You collected 29 gold pieces.

Inventory:

Hand Weapons
 f - a +0 dagger (weapon)
Missiles
 b - 6 silver javelins
Armour
 a - a +0 robe (worn)
Jewellery
 d - a ring of protection from fire
Scrolls
 c - a scroll of enchant weapon {unknown}
Potions
 e - a potion of heal wounds {unknown}


   Skills:
 * Level 0.2 Fighting
 + Level 0.1 Armour
 + Level 2.5 Dodging
 - Level 1.9 Stealth
 * Level 3.4 Spellcasting


You couldn't memorise any spells.
You knew the following spells:

 Your Spells              Type           Power      Damage    Failure   Level
a - Magic Dart            Conj           64%        1d6       3%          1
b - Searing Ray           Conj           32%        2d5       5%          2
c - Dazzling Flash        Conj/Hex       32%        N/A       11%         3
d - Fulminant Prism       Conj/Hex       8%         3d7       34%         4
e - Iskenderun's Mystic   Conj/Tloc      16%        2d5       34%         4
Your spell library was empty.

Dungeon Overview and Level Annotations

Branches:
Dungeon (2/15)

Altars:


Innate Abilities, Weirdness & Mutations

You are immune to sickness and miasma.
You are immune to poison.
Your flesh is very heat resistant. (rF++)
You are vulnerable to cold. (rC-)
You float through the air rather than walking.
You learn spells naturally, not from books.
Your magical power is your life essence.
You have superior vitality. (+4 MHP)


Message History

The kobold shouts!
The giant cockroach closely misses you.
You barely miss the giant cockroach.
The giant cockroach is almost dead.
The giant cockroach bites you but does no damage.
The kobold throws a stone.
The stone closely misses you.
You hit the giant cockroach.
You kill the giant cockroach!
The kobold throws a stone.
The stone misses you.
You closely miss the quokka. The quokka misses you.
The quokka barely misses you.
You closely miss the quokka. The quokka misses you.
The kobold completely misses you.
You closely miss the quokka.
The quokka bites you but does no damage.
The kobold hits you with a +0 short sword.
* * * LOW HITPOINT WARNING * * *
You closely miss the quokka. The quokka closely misses you.
The kobold completely misses you.
You miss the quokka. The quokka closely misses you.
The kobold barely misses you.
You hit the quokka.
The quokka is moderately wounded.
The quokka barely misses you. The kobold closely misses you.
The quokka barely misses you.
You hit the quokka.
The quokka is severely wounded.
The quokka closely misses you.
The kobold hits you with a +0 short sword.
* * * LOW HITPOINT WARNING * * *
You hit the quokka but do no damage.
The quokka is severely wounded.
The quokka barely misses you. The kobold misses you.
You closely miss the quokka.
The quokka is severely wounded.
The quokka closely misses you. The kobold barely misses you.
You closely miss the quokka.
The quokka is heavily wounded.
The quokka bites you.
You die...

#. #.#...#.##.## #.
#.#..........
#.######.#.#.#.##.##
#........?.....# ..
#..##.##.#†#.#.# #
#.#..........#.#
#....r..........
###r#.b?...#...##
#@######.....#
......K........#.....
#######........#.....
#.######.# .. #.# ###


You could see a quokka and a kobold.

Vanquished Creatures
  A dart slug (D:1)
  A ball python (D:1)
  An endoplasm (D:2)
  A giant cockroach (D:1)
  A goblin (D:1)
  A hobgoblin (D:1)
  2 bats (D:1)
  2 frilled lizards (D:1)
  2 rats
12 creatures vanquished.

Notes
Turn   | Place    | Note
-------+----------+-------------------------------------------
     0 | D:1      | javelincjr the Djinni Conjurer began the quest for the Orb.
     0 | D:1      | javelincjr set off with the following spells memorised:
                  | Magic Dart, Searing Ray, Dazzling Flash, Fulminant Prism,
                  | Iskenderun's Mystic Blast.
     0 | D:1      | Reached XP level 1. HP: 15/15 MP: 0/0
    46 | D:1      | You are sucked into a shaft and drop 1 floor!
   255 | D:1      | Reached XP level 2. HP: 17/21 MP: 0/0
   533 | D:1      | Slain by a quokka

Illustrated notes

Levels and vault maps discovered:
D:1:      lemuel_arrival_lava_pool, layout_basic
D:2:      layout_loops_corners, basic_altar

Action                   || total
-------------------------++-------
Melee: Dagger            ||    15
       Unarmed           ||     6
 Cast: Magic Dart        ||    25
Armor: Robe              ||    13
Dodge: Dodged            ||    41
